 Dungeon Crawl Stone Soup version 0.31-a0-803-g95b03c3367 (webtiles) character file.

Game seed: 10241997211774867481

125 javelincjr the Changeling (level 4, -28/36 HPs)
             Began as a Demigod Shapeshifter on Sept 20, 2023.
             Annihilated by an ogre
             ... wielding a +0 giant club
              (29 damage)
             ... on level 2 of the Dungeon.
             The game lasted 00:08:59 (2517 turns).

javelincjr the Changeling (Demigod Shapeshifter)    Turns: 2517, Time: 00:08:59

Health: -28/36     AC:  2    Str: 19    XL:     4   Next: 53%
Magic:  6/6        EV: 13    Int: 12    God:
Gold:   158        SH:  0    Dex: 19    Spells: 3/3 levels left

rFire   . .          .
                       - Unarmed
rCold   . . .        (no shield)
rNeg    . . .        a - +0 animal skin
rPois   .            (helmet currently unavailable)
rElec   .            (cloak currently unavailable)
rCorr   .            (gloves currently unavailable)
SInv    .            (boots currently unavailable)
Will    .....        (no amulet)
Stlth   ++           i - +6 ring of dexterity
HPRegen 0.26/turn    (no ring)
MPRegen 0.10/turn

%: no passive effects
@: beast-form
A: beast (slay +2), high MP 1, forlorn, divine attributes
a: Begin Untransformation


You were on level 2 of the Dungeon.
You were a hulking beast.
You visited 1 branch of the dungeon, and saw 3 of its levels.

You collected 158 gold pieces.

Inventory:

Missiles
 e - 4 poisoned darts
 f - 15 stones
Armour
 a - a +0 animal skin (worn)
 m - a +0 scale mail
Jewellery
 i - a +6 ring of dexterity (left hand)
Talismans
 c - a beast talisman (active)
 d - a flux talisman
Wands
 l - a wand of paralysis (9)
Scrolls
 g - a scroll of immolation {unknown}
 k - a scroll of teleportation {unknown}
Potions
 b - 3 potions of lignification
 h - a potion of haste {unknown}
 j - a potion of degeneration {unknown}


   Skills:
 + Level 2.1 Fighting
 + Level 2.5 Dodging
 + Level 3.3 Unarmed Combat
 * Level 3.5 Shapeshifting


You had 3 spell levels left.
You didn't know any spells.
Your spell library contained the following spells:

 Spells                   Type           Power      Damage    Failure   Level
 Kiss of Death            Conj/Necr      0%         2d5       32%         1
 Flame Wave               Conj/Fire      0%         2d4       97%         4
 Fulminant Prism          Conj/Hex       0%         3d5       97%         4
 Conjure Ball Lightning   Conj/Air       0%         3x3d6     100%        6


Dungeon Overview and Level Annotations

Branches:
Dungeon (3/15)


Innate Abilities, Weirdness & Mutations

You are a hulking beast.
Your limbs bulge with bestial killing power. (Slay +2)
You have an increased reservoir of magic. (+10% MP)
You shall have no god before yourself.
Your divine heritage dramatically boosts your attributes as you level up.


Message History

You kill the quokka!
The goblin barely misses you.
You hit the goblin.
The goblin is moderately wounded.
The goblin hits you with a +0 dagger.
You hit the goblin.
You kill the goblin!
No target in view!
No target in view!
You now have 158 gold pieces (gained 6).
Done exploring.
Done exploring.
Things that are here:
a +0 dagger; a goblin corpse You see here a +0 whip.
The ogre shouts!
The ogre barely misses you.
You punch the ogre!
The ogre is moderately wounded.
The ogre closely misses you.
You hit the ogre.
The ogre is moderately wounded.
The ogre closely misses you.
You hit the ogre.
The ogre is moderately wounded.
You hit the ogre.
The ogre is heavily wounded.
The ogre barely misses you.
You punch the ogre!
The ogre is severely wounded.
The ogre hits you with a +0 giant club!!
Ouch! That really hurt!
* * * LOW HITPOINT WARNING * * *
You hit the ogre.
The ogre is almost dead.
You hit the ogre.
The ogre is almost dead.
The ogre hits you with a +0 giant club!!
Ouch! That really hurt!
You die...

#.....##.######.#...#..†..#.#.
#..#####.# #..#>######......
#.## #.# #.##.# #...### ##.#
####.#####.#..#######..### ##..#
#.....##.....##...#....##.
#...###†....##.>####......#)....
#.....#.........# #..........###
###.#........#.O###)......##.#
#.##......###h..........##.##
#.##......# ######.....###..#
#.###.....#####........####.##
##.# #...........#.......#.....
#..###.....#######.......#.....
###.###......# #.......#.....
......#.####.## ##.....##.....
......#.# #..# ######...........
........# ##.###.......####.....


You could see an ogre.

Vanquished Creatures
  A gnoll (D:1)
  5 adders
  2 worms
  2 dart slugs
  4 endoplasms
  3 giant cockroaches
  5 goblins
  9 hobgoblins
  4 jackals (D:1)
  A quokka (D:2)
  5 ball pythons
  4 bats
  3 frilled lizards
  3 kobolds (D:1)
  9 rats
60 creatures vanquished.

Notes
Turn   | Place    | Note
-------+----------+-------------------------------------------
     0 | D:1      | javelincjr the Demigod Shapeshifter began the quest for the
                  | Orb.
     0 | D:1      | Reached XP level 1. HP: 15/15 MP: 3/3
    31 | D:1      | Reached skill level 1 in Fighting
    34 | D:1      | Reached XP level 2. HP: 7/23 MP: 4/4
   473 | D:1      | Reached XP level 3. HP: 28/28 MP: 5/5
  1173 | D:2      | Noticed an ogre
  1379 | D:2      | Reached XP level 4. HP: 36/36 MP: 6/6
  2297 | D:3      | Got an exquisite book
  2515 | D:2      | HP: 1/36 [ogre/+0 giant club (35)]
  2517 | D:2      | Annihilated by an ogre

Illustrated notes

Levels and vault maps discovered:
D:1:      mrwooster_arrival_statue_3, layout_basic, basic_ecumenical_altar
D:2:      layout_rooms
D:3:      minmay_skewed_foursquare, layout_loops_ring

Skill      XL: |  1  2  3  4 |
---------------+-------------+-----
Fighting       | 1 2 |  2.1
Dodging        | 2 |  2.5
Shapeshifting  | 3 |  3.5
Unarmed Combat | 3 |  3.3

Action                     |  1- 3 |  4- 6 || total
---------------------------+-------+-------++-------
  Melee: Unarmed           |   108 |    70 ||   178
         Punch             |     1 |     2 ||     3
   Stab: Sleeping          |     5 |     1 ||     6
         Distracted        |       |     1 ||     1
 Armour: Animal skin       |    54 |    28 ||    82
  Dodge: Dodged            |    51 |    32 ||    83

Table legend: (Time is in decaauts)
 A = Elapsed time spent in this place.
 B = Non-inter-level travel time spent in this place.
 C = Inter-level travel time spent in this place.
 D = Time resting spent in this place.
 E = Time spent auto-exploring this place.
 F = Levels seen in this place.
 G = Mean time per level.
                   A        B        C        D        E       F      G
               +--------+--------+--------+--------+--------+-----+--------+
         Total |   2507 |   2433 |     74 |      0 |   1919 |   3 |  835.7 |
       Dungeon |   2507 |   2433 |     74 |      0 |   1919 |   3 |  835.7 |
               +--------+--------+--------+--------+--------+-----+--------+

Top non-repeatable levels by time:
     D:1: 1041 daAuts
     D:3: 745 daAuts
     D:2: 720 daAuts
